 Dungeon Crawl Stone Soup version 0.30-a0-691-g754fce4c43 (webtiles) character file.

Game seed: 4786917686096252204

1298 bmack86 the Chopper (level 8, -5/70 HPs)
             Began as a Minotaur Fighter on Jan 20, 2023.
             Slain by Pikel
             ... wielding a +2 whip of freezing
              (7 damage)
             ... on level 7 of the Dungeon.
             The game lasted 00:09:15 (4386 turns).

bmack86 the Chopper (Minotaur Fighter)              Turns: 4386, Time: 00:09:15

Health: -5/70      AC: 22    Str: 23    XL:     8   Next: 31%
Magic:  7/7        EV:  6    Int:  5    God:
Gold:   380        SH:  5    Dex: 10    Spells: 7/7 levels left

rFire   . . .      SeeInvis .    a - +0 war axe
rCold   . . .      Faith    .    c - +0 buckler
rNeg    . . .      Spirit   .    w - +0 plate armour
rPois   .          Reflect  .    (helmet restricted)
rElec   +          Harm     .    k - +0 cloak
rCorr   .          Rampage  .    (no gloves)
Will    .....                    (no boots) Stlth
                                 (no amulet)
HPRegen 0.31/turn                y - +4 ring of protection
MPRegen 0.10/turn                b - ring "Umoiq" {rElec AC+4}

@: no status effects
A: horns 2, retaliatory headbutt
a: no special abilities


You were on level 7 of the Dungeon.
You visited 2 branches of the dungeon, and saw 8 of its levels.

You collected 380 gold pieces.

Inventory:

Hand Weapons
 a - a +0 war axe (weapon)
Missiles
 l - 7 poisoned darts (quivered)
 o - 6 boomerangs
Armour
 c - a +0 buckler (worn)
 k - a +0 cloak (worn)
 w - a +0 plate armour (worn)
Jewellery
 b - the ring "Umoiq" (right hand) {rElec AC+4}
   (You acquired it on level 4 of the Dungeon)

   [ring of protection]

   AC:        It affects your AC (+4).
   rElec:     It insulates you from electricity.
 f - a +5 ring of evasion
 j - a ring of positive energy
 v - an amulet of magic regeneration
 y - a +4 ring of protection (left hand)
Wands
 m - a wand of roots (8)
 r - a wand of paralysis (5)
Scrolls
 e - 3 scrolls of blinking
 i - 2 scrolls of teleportation
 s - a scroll of enchant armour {unknown}
 x - a scroll of enchant weapon {unknown}
 z - a scroll of noise {unknown}
 B - a scroll of fear {unknown}
Potions
 d - 5 potions of might
 g - a potion of heal wounds {unknown}
 h - 3 potions of berserk rage
 n - a potion of brilliance {unknown}
 p - a potion of degeneration
 q - a potion of attraction {unknown}
 t - 2 potions of haste
 u - a potion of curing {unknown}
 A - a potion of flight {unknown}


   Skills:
 + Level 6.1 Fighting
 * Level 7.4 Axes
 + Level 3.6 Throwing
 + Level 6.0 Armour
 + Level 6.2 Shields


You had 7 spell levels left.
You didn't know any spells.
Your spell library contained the following spells:

 Spells                   Type           Power      Damage    Failure   Level
 Magic Dart               Conj           0%         1d3       100%        1
 Call Imp                 Summ           0%         N/A       100%        2
 Mephitic Cloud           Conj/Pois/Air  0%         N/A       100%        3
 Portal Projectile        Hex/Tloc       0%         N/A       100%        3
 Tukima's Dance           Hex            0%         N/A       100%        3
 Blade Hands              Tmut           0%         N/A       100%        5


Dungeon Overview and Level Annotations

Branches:
Dungeon (7/15)             Temple (1/1) D:6

Altars:
Ashenzari
Cheibriados
Dithmenos
Elyvilon
Hepliaklqana
Makhleb
Qazlal
Ru
Sif Muna
Trog
Uskayaw
Vehumet
Wu Jian
Xom
Yredelemnul
Zin
The Shining One

Annotations:
D:7 Pikel


Innate Abilities, Weirdness & Mutations

You have a pair of horns on your head.
You reflexively headbutt those who attack you in melee.


Message History

The lemure closely misses you. The lemure hits you but does no damage.
You hit Pikel but do no damage. You headbutt Pikel.
Pikel is heavily wounded.
You barely miss the lemure. You hit the lemure. You barely miss the lemure. x2
You block Pikel's attack. The lemure closely misses you.
You block the lemure's attack. The lemure hits you!
The lemure hits you but does no damage. You block Pikel's attack.
The lemure hits you but does no damage. x3; The lemure barely misses you.
You furiously retaliate!
You headbutt the lemure. You barely miss Pikel. Your headbutt misses Pikel.
Pikel is heavily wounded.
You closely miss the lemure. You hit the lemure but do no damage.
You closely miss the lemure. You barely miss the lemure.
Pikel hits you with a +2 whip of freezing.
Pikel freezes you. The lemure closely misses you.
The lemure hits you but does no damage. x3
You closely miss Pikel.
Pikel is heavily wounded.
You hit the lemure. You slash the lemure! You closely miss the lemure.
You barely miss the lemure. Pikel barely misses you.
The lemure hits you but does no damage. x4
You slash Pikel! Your headbutt misses Pikel.
Pikel is severely wounded.
You slash the lemure! You hit the lemure but do no damage.
You barely miss the lemure. You hit the lemure but do no damage.
Pikel hits you with a +2 whip of freezing.
Pikel freezes you. The lemure hits you but does no damage. The lemure hits you.
* * * LOW HITPOINT WARNING * * *
The lemure hits you but does no damage. The lemure completely misses you.
You furiously retaliate!
You headbutt the lemure, but do no damage.
You miss Pikel.
Pikel is severely wounded.
You closely miss the lemure. x2; You slash the lemure!
You kill the lemure!
That felt strangely unrewarding.
You slash the lemure!
Pikel hits you with a +2 whip of freezing!
* * * LOW HITPOINT WARNING * * *
Pikel freezes you!
You die...

.......)...##..
...........##.. ...
#.......#.....## ..#
........#..|#.... #..
....##......#...##..
....###.....##......
....<##[..#..#....###
....##...##?.#..55..#
.....#..###....K@...#...
<....#...#.##.##5.......
................#.####..
....####.#....###..?
....# ######.# .....
.[...# ### #####..
#....# # .....# .....#


You could see Pikel (strong) and 3 lemures.

Vanquished Creatures
  An orc warrior (D:6)
  A sky beast (D:6)
  An ogre (D:6)
  A centaur (D:7)
  A lemure (D:7)
  A necrophage (D:4)
  4 scorpions
  2 howler monkeys
  A hound (D:3)
  2 orc priests (D:6)
  4 iguanas
  4 orc wizards
  6 gnolls (D:4)
  11 adders
  2 shadow imps (D:6)
  An ufetubus (D:6)
  A dart slug (D:2)
  17 orcs
  5 endoplasms
  2 giant cockroaches
  6 goblins
  6 hobgoblins
  4 jackals (D:4)
  3 quokkas
  6 ball pythons
  5 bats
  11 kobolds
  2 rats
111 creatures vanquished.

Notes
Turn   | Place    | Note
-------+----------+-------------------------------------------
     0 | D:1      | bmack86 the Minotaur Fighter began the quest for the Orb.
     0 | D:1      | Reached XP level 1. HP: 19/19 MP: 0/0
     3 | D:1      | Noticed an electric eel
     4 | D:1      | Noticed an electric eel
    57 | D:1      | Reached XP level 2. HP: 22/27 MP: 1/1
   143 | D:1      | Reached skill level 3 in Axes
   511 | D:2      | Reached XP level 3. HP: 33/33 MP: 2/2
  1050 | D:3      | Reached XP level 4. HP: 34/40 MP: 3/3
  1162 | D:3      | Found a shimmering altar of Xom.
  1163 | D:3      | Found a stormy altar of Qazlal.
  1367 | D:3      | Reached skill level 4 in Axes
  1367 | D:3      | Reached skill level 1 in Throwing
  1747 | D:4      | Reached XP level 5. HP: 42/47 MP: 4/4
  1749 | D:4      | Identified a scroll of acquirement
  1749 | D:4      | Acquired the ring "Umoiq" {rElec AC+4}
  1839 | D:4      | Reached skill level 5 in Axes
  1839 | D:4      | Reached XP level 6. HP: 28/53 MP: 5/5
  2585 | D:4      | Reached skill level 5 in Shields
  2728 | D:5      | Entered Level 5 of the Dungeon
  2774 | D:5      | Reached skill level 5 in Fighting
  2774 | D:5      | Reached skill level 5 in Armour
  2805 | D:5      | Reached XP level 7. HP: 44/61 MP: 6/6
  2826 | D:5      | Found a glowing golden altar of the Shining One.
  2826 | D:5      | Found a white marble altar of Elyvilon.
  2827 | D:5      | Found a glowing silver altar of Zin.
  3440 | D:6      | Reached skill level 6 in Axes
  3483 | D:6      | Reached skill level 7 in Axes
  3483 | D:6      | Reached XP level 8. HP: 26/70 MP: 7/7
  3510 | D:6      | Found a staircase to the Ecumenical Temple.
  3520 | Temple   | Entered the Ecumenical Temple
  4370 | D:7      | Noticed Pikel
  4386 | D:7      | HP: 2/70 [Pikel/+2 whip of freezing (17)]
  4386 | D:7      | Slain by Pikel

Illustrated notes

Levels and vault maps discovered:
D:1:      arrival_aquarium_b, layout_rooms
D:2:      layout_rooms, minmay_misc_feat_five
D:3:      layout_basic, chequers_temple_overflow_statue_of_worship
D:4:      layout_gridville
D:5:      layout_loops_ring, good_gods_temple_1
D:6:      layout_gridville, minmay_temple_entry_glass,
          lightli_ossuary_entry_decrepit_ruins
D:7:      layout_cave_pools, grunt_temple_overflow_opulence,
          nicolae_overflow_crystal_walls, uniq_pikel, uniq_menkaure
Temple:   minmay_temple_bridge_abc

Skill      XL: |  1  2  3  4  5  6  7  8 |
---------------+-------------------------+-----
Axes           | 3 4 5 7 |  7.4
Fighting       | 4 5 6 |  6.1
Armour         | 4 5 6 |  6.0
Shields        | 4 5 6 |  6.2
Throwing       | 1 2 3 |  3.6

Action                   |  1- 3 |  4- 6 |  7- 9 || total
-------------------------+-------+-------+-------++-------
Melee: War axe           |    76 |    81 |    86 ||   243
       Headbutt          |     8 |    14 |    21 ||    43
  Use: Scroll            |     2 |     6 |     1 ||     9
Armor: Scale mail        |    41 |     7 |       ||    48
       Plate armour      |       |    41 |   159 ||   200
Dodge: Dodged            |    66 |    51 |    36 ||   153
Block: Buckler           |    21 |    20 |    34 ||    75

Table legend: (Time is in decaauts)
 A = Elapsed time spent in this place.
 B = Non-inter-level travel time spent in this place.
 C = Inter-level travel time spent in this place.
 D = Time resting spent in this place.
 E = Time spent auto-exploring this place.
 F = Levels seen in this place.
 G = Mean time per level.
                   A        B        C        D        E       F      G
               +--------+--------+--------+--------+--------+-----+--------+
         Total |   4453 |   4338 |    115 |     77 |   2781 |   8 |  556.6 |
       Dungeon |   4039 |   3924 |    115 |     77 |   2437 |   7 |  577.0 |
        Temple |    414 |    414 |      0 |      0 |    344 |   1 |  414.0 |
               +--------+--------+--------+--------+--------+-----+--------+

Top non-repeatable levels by time:
     D:4: 1000 daAuts
     D:3: 731 daAuts
     D:5: 708 daAuts
     D:2: 531 daAuts
     D:1: 514 daAuts
     D:6: 482 daAuts
  Temple: 414 daAuts
     D:7: 71 daAuts
